 Dungeon Crawl Stone Soup version 0.32-a0-136-gc02482bde3 (webtiles) character file.

Game seed: 5619804091602591787

486387 hikkokomori the Brawler (level 23, -4/293 (295) HPs)
             Began as a Troll Fighter on Feb 10, 2024.
             Was a High Priest of Qazlal.
             Slain by a stone giant (9 damage)
             ... on level 5 of the Vaults.
             The game lasted 02:05:24 (44888 turns).

hikkokomori the Brawler (Troll Fighter)            Turns: 44888, Time: 02:05:25

HP:   -4/293 (295)  AC: 38    Str: 30    XL:     23   Next: 80%
MP:   15/28         EV: 16    Int:  2    God:    Qazlal [*****.]
Gold: 6583          SH: 43    Dex: 17    Spells: 25/30 levels left

rFire   + .          .
                       - Unarmed
rCold   + . .        N - +18 shield of the Gong {Loud rN+ Will+ rCorr EV-5}
rNeg    + + .        R - melded +2 gold dragon scales
rPois   ∞            B - +2 hat {SInv}
rElec   +            K - scarf {rC+ rF+}
rCorr   +            (gloves unavailable)
SInv    +            (boots unavailable)
Will    ++...        o - amulet of reflection
Stlth   +            H - +5 ring of evasion
HPRegen 1.48/turn    S - +4 ring of protection
MPRegen 0.21/turn

%: repel missiles, reflection
@: about to teleport, statue-form, protected from physical damage, slowed,
studying 3 skills, lightly drained, very slow
A: slow and powerful, torment resistance 1, boosted hp, large, unfitting armour,
claws 3, regeneration 1, (shaggy fur 1), (tough skin 1), hooves 1, dopey 1, low
MP 1
}: 2/15 runes: barnacled, gossamer
a: Begin Untransformation, Renounce Religion, Upheaval, Elemental Force,
Disaster Area


You were on level 5 of the Vaults.
You worshipped Qazlal.
Qazlal was extremely pleased with you.
You were a living statue of rough stone.
You visited 9 branches of the dungeon, and saw 43 of its levels.
You visited the Abyss 1 time.
You also visited: Trove, Sewer, Bailey, Gauntlet, Ice Cave and Desolation.

You collected 7535 gold pieces.
You spent 952 gold pieces at shops.

Inventory:

Missiles
 h - 6 silver javelins
 s - 32 boomerangs
 G - 21 javelins
 T - 6 throwing nets
 Z - 56 large rocks (quivered)
Armour
 b - the +1 cloak of Starlight {*Dazzle EV+4 Stlth--}
   (You found it in the Desolation of Salt)

   *Dazzle:   It may blind those who miss an attack against the wearer in melee
   combat.
   EV+4:      It affects your evasion (+4).
   Stlth--:   It makes you much less stealthy.
 j - the +1 cloak "Dukh" {rPois Regen+ Int+3}
   (You found it in the Desolation of Salt)

   Int+3:     It affects your intelligence (+3).
   rPois:     It protects you from poison Regen+: It increases your rate of
   health regeneration.
 B - a +2 hat of see invisible (worn)
 I - the +3 faerie dragon scales {rCorr Dex+2 Clar}
   (You took it off the Enchantress on level 15 of the Dungeon)

   Dex+2:     It affects your dexterity (+2).
   Clar:      It protects you from confusion, rage, mesmerisation and fear.
   rCorr:     It protects you from acid and corrosion.
 K - a scarf of resistance (worn)
 N - the +18 shield of the Gong (worn) {Loud rN+ Will+ rCorr EV-5}
   (You found it in a Gauntlet)

   Loud:      It is deafeningly noisy when blocking attacks.
   EV-5:      It affects your evasion (-5).
   rN+:       It protects you from negative energy.
   Will+:     It increases your willpower.
   rCorr:     It protects you from acid and corrosion.
 R - +2 gold dragon scales (melded)
Jewellery
 o - an amulet of reflection (around neck)
 p - the ring "Harobluq" {Wiz rC++ rN+}
   (You took it off a ragged hierophant in the Desolation of Salt)

   [ring of wizardry]

   Wiz:       It improves your spell success rate.
   rC++:      It greatly protects you from cold.
   rN+:       It protects you from negative energy.
 H - a +5 ring of evasion (left claw)
 L - the ring "Put-Me-On" {Wiz Int+3}
   (You found it in a Gauntlet)

   [ring of wizardry]

   Wiz:       It improves your spell success rate.
   Int+3:     It affects your intelligence (+3).
 M - the ring "Pish" {rPois rN+ Int+6 Dex-4 Slay+2}
   (You found it in a Gauntlet)

   [ring of intelligence]

   Int+6:     It affects your intelligence (+6).
   Dex-4:     It affects your dexterity (-4).
   Slay+2:    It affects your accuracy & damage with ranged weapons and melee
   (+2).
   rPois:     It protects you from poison rN+: It protects you from negative
   energy.
 S - a +4 ring of protection (right claw)
 X - a ring of flight
Talismans
 V - a granite talisman (active)
Wands
 a - a wand of roots (36)
 w - a wand of polymorph (22)
 z - a wand of mindburst (64)
 P - a wand of light (23)
 Q - a wand of digging (19)
Scrolls
 e - a scroll of revelation
 f - 8 scrolls of blinking
 i - 6 scrolls of fear
 l - 6 scrolls of silence
 r - 10 scrolls of teleportation
 t - 5 scrolls of poison
 u - 6 scrolls of enchant weapon
 y - 8 scrolls of fog
 F - 2 scrolls of summoning {unknown}
Potions
 c - 8 potions of might
 d - 16 potions of curing
 g - 8 potions of mutation
 k - 2 potions of cancellation
 m - 13 potions of heal wounds
 n - 10 potions of brilliance
 q - 7 potions of haste
 v - 5 potions of enlightenment
 x - 6 potions of magic
 A - 4 potions of resistance
 E - 2 potions of invisibility
 U - 9 potions of ambrosia
 W - 5 potions of berserk rage
Miscellaneous
 C - a phantom mirror
 D - a lightning rod (4/4)
 O - a phial of floods
 Y - a tin of tremorstones (2/2)


   Skills:
 - Level 13.0 Fighting
 - Level 12.0 Throwing
 - Level 4.4 Armour
 - Level 12.0 Dodging
 - Level 2.0 Stealth
 - Level 15.0 Shields
 + Level 19.3 Unarmed Combat
 - Level 4.0 Spellcasting
 - Level 7.0 Necromancy
 + Level 13.0 Invocations
 - Level 10.0 Evocations
 + Level 18.3 Shapeshifting


You had 25 spell levels left.
You knew the following spells:

 Your Spells              Type           Power      Damage    Failure   Level
a - Fugue of the Fallen   Necr           3%         N/A       10%         3
b - Blink                 Tloc           0%         N/A       65%         2

Your spell library contained the following spells:

 Spells                   Type           Power      Damage    Failure   Level
 Kiss of Death            Conj/Necr      4%         2d5       14%         1
 Dispel Undead            Necr           3%         3d7       32%         4
 Cigotuvi's Dreadful Rot  Necr/Alch/Air  2%         N/A       34%         2
 Apportation              Tloc           0%         N/A       52%         1
 Foxfire                  Conj/Fire      0%         2x1d4     52%         1
 Freeze                   Ice            0%         1d3       52%         1
 Sandblast                Erth           0%         2d4       52%         1
 Slow                     Hex            0%         N/A       52%         1
 Sting                    Conj/Alch      0%         1d3       52%         1
 Call Imp                 Summ           0%         N/A       65%         2
 Ensorcelled Hibernation  Hex/Ice        0%         N/A       65%         2
 Jinxbite                 Hex            0%         N/A       65%         2
 Lesser Beckoning         Tloc           0%         N/A       65%         2
 Mercury Vapours          Alch/Air       0%         N/A       65%         2
 Scorch                   Fire           0%         2d5       65%         2
 Static Discharge         Conj/Air       0%         3-3/arc   65%         2
 Curse of Agony           Necr           3%         N/A       67%         5
 Anguish                  Hex/Necr       0%         N/A       80%         4
 Martyr's Knell           Necr/Summ      1%         N/A       80%         4
 Call Canine Familiar     Summ           0%         N/A       87%         3
 Confusing Touch          Hex            0%         N/A       87%         3
 Dazzling Flash           Conj/Hex       0%         N/A       87%         3
 Frozen Ramparts          Ice            0%         1d1       87%         3
 Gell's Gravitas          Tloc           0%         N/A       87%         3
 Hailstorm                Conj/Ice       0%         3d5       87%         3
 Inner Flame              Hex/Fire       0%         N/A       87%         3
 Mephitic Cloud           Conj/Alch/Air  0%         N/A       87%         3
 Ozocubu's Armour         Ice            0%         N/A       87%         3
 Passwall                 Erth           0%         N/A       87%         3
 Sigil of Binding         Hex            0%         N/A       87%         3
 Stone Arrow              Conj/Erth      0%         3d7       87%         3
 Summon Ice Beast         Ice/Summ       0%         N/A       87%         3
 Tukima's Dance           Hex            0%         N/A       87%         3
 Borgnjor's Vile Clutch   Necr/Erth      0%         N/A       98%         5
 Airstrike                Air            0%         2d(0-16)  99%         4
 Animate Armour           Summ/Erth      0%         N/A       99%         4
 Brom's Barrelling Bould  Conj/Erth      0%         2d3       99%         4
 Cause Fear               Hex            0%         N/A       99%         4
 Dimensional Bullseye     Hex/Tloc       0%         N/A       99%         4
 Flame Wave               Conj/Fire      0%         2d4       99%         4
 Fulminant Prism          Conj/Alch      0%         3d5       99%         4
 Ignite Poison            Fire/Alch      0%         N/A       99%         4
 Iskenderun's Mystic Bla  Conj/Tloc      0%         2d3       99%         4
 Leda's Liquefaction      Alch/Erth      0%         N/A       99%         4
 Manifold Assault         Tloc           0%         N/A       99%         4
 Olgreb's Toxic Radiance  Alch           0%         N/A       99%         4
 Petrify                  Alch/Erth      0%         N/A       99%         4
 Sticky Flame             Fire/Alch      0%         2d4       99%         4
 Summon Lightning Spire   Summ/Air       0%         N/A       99%         4
 Death Channel            Necr           1%         N/A       99%         6
 Alistair's Intoxication  Alch           0%         N/A       100%        5
 Fireball                 Conj/Fire      0%         3d3       100%        5
 Freezing Cloud           Conj/Ice/Air   0%         6-21      100%        5
 Irradiate                Conj/Alch      0%         3d11      100%        5
 Iskenderun's Battlesphe  Conj           0%         2d6       100%        5
 Metabolic Englaciation   Hex/Ice        0%         N/A       100%        5
 Silence                  Hex/Air        0%         N/A       100%        5
 Summon Forest            Summ/Tloc      0%         N/A       100%        5
 Summon Mana Viper        Hex/Summ       0%         N/A       100%        5
 Yara's Violent Unravell  Hex/Alch       0%         3d3       100%        5
 Conjure Ball Lightning   Conj/Air       0%         3x3d6     100%        6
 Plasma Beam              Fire/Air       0%         2x1d10    100%        6
 Sculpt Simulacrum        Ice/Alch       0%         N/A       100%        6
 Starburst                Conj/Fire      0%         6d3       100%        6
 Summon Cactus Giant      Summ           0%         N/A       100%        6
 Enfeeble                 Hex            0%         N/A       100%        7
 Orb of Destruction       Conj           0%         9d5       100%        7
 Ozocubu's Refrigeration  Ice            0%         4d7       100%        7
 Discord                  Hex            0%         N/A       100%        8
 Ignition                 Fire           0%         3d3       100%        8
 Lehudib's Crystal Spear  Conj/Erth      0%         10d2      100%        8


Dungeon Overview and Level Annotations

Branches:
Dungeon (15/15)            Temple (1/1) D:6            Lair (5/5) D:8
 Shoals (4/4) Lair:3       Spider (4/4) Lair:2        Slime (0/5) Lair:4
    Orc (2/2) D:10            Elf (3/3) Orc:2        Vaults (4/5) D:13
  Crypt (0/3) Vaults:2     Depths (4/4) D:15            Zot (0/5) Depths:4
  Sewer (visited)          Bailey (visited)           IceCv (visited)
Desolation (visited)      Gauntlet (visited)

Altars:
Ashenzari
Cheibriados
Dithmenos
Elyvilon
Fedhas
Gozag
Hepliaklqana
Kikubaaqudgha
Makhleb
Nemelex Xobeh
Okawaru
Qazlal
Ru
Sif Muna
Trog
Uskayaw
Vehumet
Wu Jian
Xom
Yredelemnul
Zin
The Shining One
Jiyva

Shops:
D:6 *   D:8 *   D:10 *   D:12 :   Orc:2 ([(*[   Elf:2 (   Elf:3 [   Shoals:2 !
Shoals:4 :

Portals:
Hell: Depths:1 Depths:2 Depths:3 Depths:4
Abyss: Depths:1 Depths:3 Depths:4
Pandemonium: Depths:1 Depths:2 Depths:3
Ziggurat: Depths:3

Annotations:
D:10 2 runed translucent doors, Newt's ghost, journeyman DsGl
Lair:4 3 runed translucent doors, Hoaki's ghost, journeyman HONe


Innate Abilities, Weirdness & Mutations

You are a living statue of rough stone.
Your actions are slow, but your melee attacks are powerful.
You are resistant to unholy torment.
Your maximum health is greatly increased.
Your equipment is partially melded.
You are too large for most types of armour.
You are immune to poison.
You have claws for hands.
Your natural rate of healing is unusually fast.
((You are covered in fur. (AC +1)))
((You have tough skin. (AC +1)))
You have large cloven feet.
You are dopey. (Int -2)
Your magical capacity is low. (-10% MP)


Message History

As you read the scroll of teleportation, it crumbles to dust.
You feel strangely unstable.
The yaktaur captain seems to regain its courage.
Your earth elemental disappears in a puff of smoke!
The torpor snail changes into a shining eye!
You block the titan's attack.
SHROANNG!
You block the freezing wraith's attack.
GONNNNG!
You block the freezing wraith's attack.
GONNNNG!
The vault warden is engulfed in freezing vapours.
The vault warden hits you with a +3 great mace of protection!
* * * LOW HITPOINT WARNING * * *
The vault guard is engulfed in freezing vapours.
The vault guard barely misses you.
The yaktaur captain unwields a +0 heavy hand cannon.
The yaktaur captain wields a +0 rapier of holy wrath.
It softly glows with a divine radiance!
The yaktaur captain closely misses you.
The stone giant hits you but does no damage.
The vault warden hits you with a +3 great mace of protection!!
* * * LOW HITPOINT WARNING * * *
You feel more protected from physical attacks.
The titan closely misses you. The freezing wraith closely misses you.
The freezing wraith hits you but does no damage.
The vault guard is engulfed in freezing vapours.
The vault guard hits you but does no damage.
A phantasmal warrior comes into view.
The yaktaur captain hits you but does no damage.
The tengu reaver casts a spell at you.
The bolt of poison hits the freezing wraith.
The freezing wraith completely resists.
The bolt of poison misses you. The vault warden completely misses you.
The vault warden is engulfed in freezing vapours.
The ironbound preserver gestures wildly while chanting.
The ironbound preserver begins to accept its allies' injuries.
The titan hits you!!
* * * LOW HITPOINT WARNING * * *
The vault guard misses you. The stone giant hits you!
You die...

....p..
.......
.######
#########
..
#...)...#
...
#..°$.G.#
....
#)p.##
.....
#pWQ.#
....##
#.pc)##
##IpT.#
#CC...c#
##)p§.pW.
##(..p.
#####


You could see an ironbound preserver, a titan (sheltered), a stone giant
(sheltered), 3 vault wardens, a tengu reaver (repels missiles, sheltered), 2
yaktaur captains, 3 vault guards, a shining eye shaped shifter (sheltered), a
deep troll (sheltered), a phantasmal warrior (sheltered) and a freezing wraith
(sheltered).

Vanquished Creatures
  Jory (Vaults:4)
  Nikola (Shoals:4)
  the Enchantress (D:15)
  2 bone dragons (Depths:4)
  An iron giant (Depths:3)
  A Tzitzimitl (Depths:3)
  A Hell Sentinel (Depths:3)
  4 tentacled monstrosities
  5 deep elf master archers
  A lich (Depths:3)
  2 quicksilver dragons (Depths:2)
  A walking frostbound tome (Depths:4)
  3 titans
  2 sphinxes
  2 walking divine tomes (Depths:2)
  8 deep elf blademasters
  2 tengu reavers
  3 tentacled starspawn
  2 krakens (Shoals:3)
  Donald (Spider:4)
  4 shadow dragons
  A storm dragon (Depths:3)
  8 fire giants
  Aizul (Elf:2)
  Ilsuiw (Shoals:4)
  A fenstrider witch (Depths:3)
  5 frost giants
  10 vault wardens
  2 iron dragons
  2 imperial myrmidons (Desolation)
  A draconian scorcher (Depths:4)
  2 emperor scorpions (Spider:4)
  11 ghost moths
  2 deep elf elementalists
  19 ironbound preservers
  11 deep elf sorcerers
  A draconian annihilator (Depths:4)
  4 reapers
  A cacodemon (Abyss:3)
  3 spriggan defenders (D:15)
  3 orc warlords
  8 very ugly things
  5 stone giants
  3 formless jellyfish
  A juggernaut skeleton (Depths:1)
  2 vampire knights
  A broodmother (Spider:2)
  3 ironbound thunderhulks
  A black draconian (Depths:4)
  9 deep elf demonologists
  10 deep elf annihilators
  10 deep elf death magi
  A green draconian (Depths:4)
  A yellow draconian (Depths:4)
  15 dire elephants
  6 war gargoyles
  3 red draconians (Depths:4)
  A minotaur (Gauntlet)
  7 spark wasps
  2 halazid warlocks (Desolation)
  7 merfolk javelineers
  3 green deaths
  13 merfolk impalers
  5 crystal guardians
  14 ettins
  3 entropy weavers
  6 deep elf high priests
  10 ragged hierophants (Desolation)
  3 fire dragons
  8 yaktaur captains
  2 servants of whispers (Desolation)
  5 great orbs of eyes
  6 ironbound frosthearts
  5 spriggan air magi
  Erolcha (Orc:1)
  2 catoblepae
  2 alligator snapping turtles
  2 hydras
  An ogre mage (Elf:3)
  4 ice dragons
  32 vault guards
  Erica (Orc:1)
  2 merfolk aquamancers
  21 centaur warriors
  9 rakshasas
  7 peacekeepers
  3 merfolk avatars
  11 boulder beetles
  A jorogumo (Spider:3)
  A satyr (Shoals:4)
  7 two-headed ogres
  5 radroaches
  5 hell hogs (Depths:3)
  2 tengu warriors
  31 dancing weapons
  9 deep troll shamans
  A vampire mage (Depths:3)
  2 death scarabs (Gauntlet)
  4 death yaks (Lair:4)
  4 orc high priests
  11 deep troll earth magi
  11 demonic crawlers
  6 occultists
  A holy swine (Abyss:3)
  2 spriggan berserkers
  3 thrashing horrors (Abyss:3)
  A sun demon (Depths:2)
  2 hell knights
  12 iron trolls
  Nergalle (Orc:1)
  26 deep elf knights
  2 sixfirhies
  6 skysharks
  A fire crab (Lair:5)
  9 skeletal warriors
  4 pharaoh ants
  7 sea snakes
  58 deep trolls
  6 glowing orange brains
  A swamp dragon (Lair:5)
  13 ironbound convokers
  A flayed ghost (Vaults:5)
  10 orb spiders
  8 arcanists
  26 deep elf archers
  4 lindwurms
  A sun moth (Spider:3)
  2 phantasmal warriors
  Pikel (D:4)
  A tengu zombie (Depths:1)
  7 steelbarb worms
  5 large abominations (Abyss:3)
  10 harpies
  3 necromancers
  14 wolf spiders
  10 starcursed masses
  An oklob plant (Shoals:2)
  32 deep elf zephyrmancers
  7 orc knights
  21 deep elf pyromancers
  7 orc sorcerers
  42 ugly things
  2 stone giant zombies (Depths:1)
  A fire giant zombie (Depths:1)
  5 fauns (Shoals:1)
  A worldbinder (Abyss:3)
  9 cyclopes
  3 meliai (Spider:4)
  5 elephants
  19 manticores
  An eye of devastation (shapeshifter) (Depths:4)
  2 apocalypse crabs (Abyss:3)
  14 vault sentinels
  8 merfolk sirens
  2 moths of wrath (Spider:4)
  A guardian serpent (Lair:5)
  A rust devil (Depths:1)
  2 stone giant skeletons (Depths:1)
  4 water nymphs
  4 gargoyles
  2 smoke demons
  8 black mambas
  16 cane toads
  An ice statue (IceCv)
  2 torpor snails
  2 unseen horrors
  4 freezing wraiths
  3 efreet
  An ice devil (Depths:3)
  15 yaktaurs
  7 rime drakes
  2 anaconda simulacra (IceCv)
  2 tormentors (Abyss:3)
  9 komodo dragons
  2 tengu conjurers (Depths:2)
  A troll (shapeshifter) (D:8)
  3 trolls
  23 merfolk
  4 tyrant leeches (Spider:3)
  A polar bear (Lair:3)
  7 hornets
  A queen bee (Lair:3)
  20 tarantellas
  Grinder (D:5)
  4 wind drakes
  11 snapping turtles
  A frost giant simulacrum (Depths:1)
  Prince Ribbit (D:6)
  5 raiju
  7 dream sheep
  46 saltlings (Desolation)
  10 blink frogs
  26 jumping spiders
  A centaur simulacrum (D:15)
  3 air elementals
  4 spriggans
  Sigmund (D:4)
  A ynoxinul (Abyss:3)
  18 wyverns
  22 slime creatures
  11 water elementals
  2 shadows (D:12)
  4 wraiths
  5 vampires
  37 yaks
  13 culicivoras
  A fire elemental (Elf:2)
  5 basilisks
  4 steam dragons
  A spectral komodo dragon (Gauntlet)
  A warg (D:8)
  2 neqoxecs
  52 redbacks
  A redback (shapeshifter) (Elf:3)
  Menkaure (D:7)
  4 death yak simulacra (IceCv)
  3 harpy simulacra
  A spectral cane toad (Gauntlet)
  14 two-headed ogre zombies (Orc:1)
  Edmund (D:5)
  5 acid dragons
  22 water moccasins
  Duvessa (D:4)
  2 swamp drakes (Lair:5)
  21 orc warriors
  A sky beast (D:8)
  7 black bears
  A laughing skull (Abyss:3)
  6 ogres
  A tengu (D:7)
  14 wolves
  10 boggarts
  10 centaurs
  3 phantoms
  2 small abominations (Abyss:3)
  Blork the orc (D:4)
  A brain worm (Sewer)
  9 bullfrogs
  9 two-headed ogre simulacra (IceCv)
  2 cane toad simulacra (IceCv)
  6 earth elementals
  2 scorpions
  12 wights
  49 killer bees
  Dowan (D:4)
  5 elephant simulacra (IceCv)
  2 howler monkeys
  8 electric eels
  3 hounds
  A bombardier beetle (D:7)
  27 orc priests
  Crazy Yiuf (D:7)
  2 gnoll boudas
  A sleepcap (D:6)
  5 iguanas
  41 orc wizards
  6 hell rats (Lair:2)
  A polar bear simulacrum (IceCv)
  Ijyb (D:5)
  3 troll simulacra (IceCv)
  5 spriggan simulacra
  A wolf simulacrum (IceCv)
  11 gnolls
  4 river rats (Sewer)
  11 adders
  6 naga simulacra (IceCv)
  A shadow imp (D:8)
  8 white imps
  8 ufetubi
  8 ribbon worms
  A dart slug (D:2)
  66 orcs
  16 ball pythons
  15 bats
  8 endoplasms
  5 giant cockroaches
  6 goblins
  6 hobgoblins
  7 jackals
  4 kobolds
  7 quokkas
  5 frilled lizards
  7 rats
  6 tentacles (Shoals:3)
1954 creatures vanquished.

Vanquished Creatures (collateral kills)
  A ghost moth (Spider:4)
  A hydra (Lair:5)
  A hell knight (Vaults:5)
  A sun moth (Spider:4)
  An orc sorcerer (Orc:2)
  2 cane toads (Lair:5)
  A snapping turtle (Shoals:1)
  A culicivora (Spider:4)
  A basilisk (Lair:5)
  A redback (Lair:5)
  2 water moccasins (Lair:5)
  An orc warrior (Orc:2)
  2 orc priests (Orc:2)
  2 orc wizards (Orc:2)
  An orc (Vaults:5)
19 creatures vanquished.

Vanquished Creatures (others)
  A deep elf blademaster (Elf:3)
  A frost giant (Depths:2)
  2 very ugly things (Depths:1)
  A merfolk impaler (Shoals:4)
  3 merfolk javelineers (Shoals:4)
  A deep elf high priest (Elf:3)
  2 rakshasas
  2 merfolk aquamancers (Shoals:4)
  A vault guard (Vaults:5)
  A deep elf knight (Elf:1)
  2 deep trolls
  A deep elf pyromancer (Elf:2)
  A phantasmal warrior (Vaults:5)
  3 ugly things (Depths:1)
  A yaktaur (Vaults:1)
  2 merfolk (Shoals:4)
  2 snapping turtles (Shoals:4)
  A jumping spider (Spider:3)
  A water elemental (Shoals:3)
  A small abomination (Abyss:3)
  2 orc wizards (Orc:2)
  An orc (Orc:2)
  A lurking horror (Abyss:3)
  6 starspawn tentacles
  4 tentacles (Shoals:3)
44 creatures vanquished.

Grand Total: 2017 creatures vanquished

Notes
Turn   | Place    | Note
-------+----------+-------------------------------------------
     0 | D:1      | hikkokomori the Troll Fighter began the quest for the Orb.
     0 | D:1      | Reached XP level 1. HP: 22/22 MP: 0/0
   128 | D:1      | Reached XP level 2. HP: 28/29 MP: 1/1
   587 | D:2      | Reached skill level 3 in Unarmed Combat
   685 | D:2      | Reached XP level 3. HP: 36/36 MP: 2/2
  1071 | D:2      | Found a faded altar of an unknown god.
  1433 | D:2      | Reached skill level 4 in Unarmed Combat
  1555 | D:2      | Reached XP level 4. HP: 44/44 MP: 3/3
  2217 | D:3      | Reached skill level 5 in Unarmed Combat
  2247 | D:3      | Found an ornate altar of the Wu Jian Council.
  2341 | D:4      | Noticed Blork the orc
  2346 | D:4      | Killed Blork the orc
  2347 | D:4      | Reached XP level 5. HP: 47/50 MP: 4/4
  2458 | D:4      | Got the Vellum of Burning Hexing
  2485 | D:4      | Noticed Dowan
  2485 | D:4      | Noticed an ogre
  2508 | D:4      | Killed an ogre
  2509 | D:4      | Reached skill level 6 in Unarmed Combat
  2509 | D:4      | Reached XP level 6. HP: 59/59 MP: 5/5
  2510 | D:4      | Killed Dowan
  2535 | D:5      | Entered Level 5 of the Dungeon
  2535 | D:5      | Found a shadowy altar of Dithmenos.
  2536 | D:5      | Found a bloodstained altar of Trog.
  2536 | D:5      | Found a basalt altar of Yredelemnul.
  2536 | D:5      | Found a sacrificial altar of Ru.
  2574 | D:5      | Found a shimmering altar of Xom.
  2607 | D:5      | Reached skill level 1 in Stealth
  2685 | D:5      | Found a glowing drain.
  2695 | Sewer    | Entered a sewer
  2912 | Sewer    | Reached XP level 7. HP: 67/67 MP: 6/6
  3436 | D:5      | Noticed Ijyb
  3450 | D:5      | Killed Ijyb
  3542 | D:5      | Reached skill level 1 in Evocations
  3559 | D:5      | Noticed Edmund
  3568 | D:5      | Killed Edmund
  4148 | D:4      | Noticed Grinder
  4156 | D:5      | Killed Grinder
  4157 | D:5      | Reached skill level 1 in Throwing
  4157 | D:5      | Reached XP level 8. HP: 78/78 MP: 7/7
  4283 | D:4      | Noticed Sigmund
  4293 | D:4      | Killed Sigmund
  4300 | D:4      | Noticed Pikel
  4309 | D:4      | Killed Pikel
  4310 | D:4      | Reached skill level 7 in Unarmed Combat
  4355 | D:4      | Found a white marble altar of Elyvilon.
  4462 | D:4      | Noticed Duvessa
  4477 | D:4      | Killed Duvessa
  4478 | D:4      | Reached skill level 8 in Unarmed Combat
  4529 | D:4      | Reached XP level 9. HP: 61/84 MP: 8/8
  5111 | D:6      | Found Raoc's Assorted Antiques.
  5115 | D:6      | Bought a runed hat for 196 gold pieces
  5115 | D:6      | Bought a scroll labelled BIJUNE KOLEITEWKASM for 28 gold
                  | pieces
  5115 | D:6      | Bought a scroll labelled PUANKA XONAT for 28 gold pieces
  5149 | D:6      | Noticed Prince Ribbit
  5175 | D:6      | Killed Prince Ribbit
  5176 | D:6      | Reached skill level 5 in Throwing
  5269 | D:6      | Found a staircase to the Ecumenical Temple.
  5320 | Temple   | Entered the Ecumenical Temple
  5342 | Temple   | Became a worshipper of Qazlal Stormbringer
  5659 | D:7      | Found a runed translucent door.
  5660 | D:7      | Noticed Crazy Yiuf
  5830 | D:7      | Reached skill level 9 in Unarmed Combat
  5883 | D:7      | Noticed Maggie
  5884 | D:7      | Maggie changed into Maggie the tengu
  5884 | D:7      | Noticed Maggie
  5895 | D:7      | Killed Maggie the tengu
  5937 | D:7      | Noticed Menkaure
  5947 | D:7      | Killed Menkaure
  6481 | D:7      | Reached skill level 5 in Fighting
  6539 | D:7      | Killed Crazy Yiuf
  6616 | D:8      | Found a flagged portal.
  6632 | D:8      | Reached * piety under Qazlal
  6667 | D:8      | Noticed a cyan ugly thing
  6669 | D:8      | Noticed a centaur warrior
  6680 | D:8      | Killed a cyan ugly thing
  6681 | D:8      | Reached skill level 5 in Shields
  6681 | D:8      | Reached skill level 1 in Invocations
  6681 | D:8      | Reached XP level 10. HP: 63/96 MP: 9/9
  6692 | D:8      | Killed a centaur warrior
  6723 | Bailey   | Entered a bailey
  6864 | Bailey   | Noticed a two-headed ogre
  6879 | Bailey   | Killed a two-headed ogre
  6880 | Bailey   | Reached skill level 10 in Unarmed Combat
  7181 | D:8      | Found a staircase to the Lair.
  7286 | D:8      | Found an opulent altar of Gozag.
  7363 | D:8      | Reached skill level 5 in Invocations
  7493 | D:8      | Found Kaetzasch's General Store.
  7498 | D:8      | Bought a scroll of blinking for 75 gold pieces
  7748 | D:8      | Reached skill level 11 in Unarmed Combat
  7888 | D:8      | Noticed a gargoyle
  7896 | D:8      | Killed a gargoyle
  7953 | D:8      | Reached ** piety under Qazlal
  7954 | D:8      | Noticed an arcanist
  7958 | D:8      | Killed an arcanist
  7959 | D:8      | Reached XP level 11. HP: 101/102 MP: 13/13
  8448 | D:9      | Reached skill level 12 in Unarmed Combat
  8766 | D:9      | Reached *** piety under Qazlal
  8921 | D:9      | Noticed a two-headed ogre
  8933 | D:9      | Killed a two-headed ogre
  8982 | D:10     | Entered Level 10 of the Dungeon
  9003 | D:10     | Found a blossoming altar of Fedhas.
  9048 | D:10     | Found a staircase to the Orcish Mines.
  9067 | D:10     | Found a runed translucent door.
  9230 | D:10     | Noticed a two-headed ogre
  9243 | D:10     | Killed a two-headed ogre
  9354 | D:10     | Noticed a two-headed ogre
  9364 | D:10     | Killed a two-headed ogre
  9486 | D:10     | Found Pacydide's Overcharged Wands.
  9576 | D:10     | Noticed Newt's ghost (journeyman DsGl)
  9576 | D:10     | Noticed a lich
  9577 | D:10     | Noticed a green ugly thing
  9577 | D:10     | Noticed a boulder beetle
  9578 | D:10     | Noticed a skeletal warrior
  9578 | D:10     | Noticed a necromancer
  9581 | D:10     | Noticed a skeletal warrior
  9805 | D:10     | Noticed a fire giant
  9806 | D:10     | Found a runed translucent door.
  9811 | D:10     | Noticed a skeletal warrior
 10192 | Lair:1   | Entered Level 1 of the Lair of Beasts
 10328 | Lair:1   | Noticed a boulder beetle
 10332 | Lair:1   | Reached skill level 5 in Evocations
 10339 | Lair:1   | Killed a boulder beetle
 10454 | Lair:1   | Reached skill level 13 in Unarmed Combat
 10675 | Lair:1   | Reached XP level 12. HP: 115/115 MP: 14/14
 11339 | Lair:2   | Noticed a boulder beetle
 11359 | Lair:2   | Killed a boulder beetle
 11413 | Lair:2   | Reached **** piety under Qazlal
 11642 | Lair:2   | Found a hole to the Spider Nest.
 11649 | Lair:2   | Reached skill level 1 in Armour
 12456 | Lair:3   | Identified the +0 robe of the Devil {Will+}
 12471 | Lair:3   | Found a staircase to the Shoals.
 12716 | Lair:3   | Reached XP level 13. HP: 127/127 MP: 15/15
 12816 | Lair:3   | Reached ***** piety under Qazlal
 13110 | Lair:3   | Reached skill level 5 in Dodging
 13313 | Lair:4   | Reached skill level 1 in Shapeshifting
 13480 | Lair:4   | Found a frozen archway.
 13496 | IceCv    | Entered an ice cave
 13901 | IceCv    | Noticed a reaper
 13916 | IceCv    | Killed a reaper
 14481 | Lair:4   | Reached skill level 14 in Unarmed Combat
 14554 | Lair:4   | Found a runed translucent gate.
 14555 | Lair:4   | Found a runed translucent gate.
 14555 | Lair:4   | Found a runed translucent gate.
 14581 | Lair:4   | Reached skill level 5 in Shapeshifting
 14688 | Lair:4   | Found a viscous altar of Jiyva.
 14689 | Lair:4   | Found a staircase to the Slime Pits.
 14762 | Lair:4   | Noticed Hoaki's ghost (journeyman HONe)
 15071 | Lair:5   | Entered Level 5 of the Lair of Beasts
 15228 | Lair:5   | Reached XP level 14. HP: 129/136 MP: 16/16
 15458 | Lair:5   | Reached skill level 15 in Unarmed Combat
 15785 | Lair:5   | Reached ****** piety under Qazlal
 17572 | D:12     | Identified the serpent talisman "Wivor" {rF+ MP+9 Int-2}
 17861 | D:12     | Found Ahar's Book Shoppe.
 18000 | Orc:1    | Entered Level 1 of the Orcish Mines
 18328 | Orc:1    | Noticed Erolcha
 18341 | Orc:1    | Killed Erolcha
 18418 | Orc:2    | Entered Level 2 of the Orcish Mines
 18569 | Orc:2    | Found Vintur's Weapon Shop.
 18684 | Orc:2    | Reached skill level 16 in Unarmed Combat
 18685 | Orc:2    | Reached XP level 15. HP: 83/143 MP: 3/20
 18701 | Orc:2    | Found Yqitzyri's Antique Armour Emporium.
 18703 | Orc:2    | Found Pyladgh's Assorted Antiques.
 18706 | Orc:2    | Found Useqiq's Armour Shoppe.
 18726 | Orc:2    | Found Deda's Weapon Emporium.
 18791 | Orc:2    | Bought a +0 cloak of poison resistance for 93 gold pieces
 18856 | Orc:2    | Gained mutation: You are dopey. (Int -2) [a neqoxec]
 18954 | Orc:2    | Found a staircase to the Elven Halls.
 19393 | Orc:1    | Noticed Erica
 19405 | Orc:1    | Noticed Nergalle
 19406 | Orc:1    | Killed Erica
 19410 | Orc:1    | Killed Nergalle
 19425 | Orc:1    | Reached skill level 10 in Shapeshifting
 19774 | D:13     | Found a gate to the Vaults.
 19836 | D:13     | Identified a scroll of acquirement
 19837 | D:13     | Acquired 914 gold pieces
 20351 | D:13     | Found a portal to a secret trove of treasure.
 20575 | D:14     | Found the +2 pair of slick slippers {slick, slippery, EV+4}
 20608 | D:14     | Got the Cyclopedia of the Virous Winter
 20756 | D:14     | Found a gate leading to a gauntlet.
 20766 | Gauntlet | Entered a Gauntlet
 20766 | Gauntlet | Found a transporter.
 20766 | Gauntlet | Found a transporter.
 20770 | Gauntlet | Found a transporter.
 20770 | Gauntlet | Found a transporter.
 20779 | Gauntlet | Found a transporter.
 20805 | Gauntlet | Found a transporter.
 20813 | Gauntlet | Found a transporter.
 20813 | Gauntlet | Found a transporter.
 20818 | Gauntlet | Found a transporter.
 20848 | Gauntlet | Found a transporter.
 20855 | Gauntlet | Found a transporter.
 20873 | Gauntlet | Found a transporter.
 20918 | Gauntlet | Found a transporter.
 20932 | Gauntlet | Found a transporter.
 21032 | Gauntlet | Found a transporter.
 21046 | Gauntlet | Found a transporter.
 21221 | Gauntlet | Identified the ring "Put-Me-On" {Wiz Int+3}
 21247 | Gauntlet | Learned a level 3 spell: Fugue of the Fallen
 21260 | Gauntlet | Identified the ring "Pish" {rPois rN+ Int+6 Dex-4 Slay+2}
 21354 | Gauntlet | Found the +18 shield of the Gong {Loud rN+ Will+ rCorr
                  | EV-5}
 21360 | Gauntlet | Got Sif Muna's Octavo of Obstruction and Transmogrification
 21479 | D:14     | Found a shadowy altar of Dithmenos.
 22292 | D:15     | Entered Level 15 of the Dungeon
 22646 | D:15     | Found a staircase to the Depths.
 22718 | D:15     | Found an ornate altar of the Wu Jian Council.
 23003 | Spider:1 | Entered Level 1 of the Spider Nest
 23014 | Spider:1 | Reached XP level 16. HP: 149/152 MP: 21/21
 24883 | Spider:3 | Identified the +6 flail of the Sheltering Gods {holy,
                  | Dex+5}
 25592 | Spider:4 | Entered Level 4 of the Spider Nest
 25771 | Spider:3 | Reached skill level 15 in Shapeshifting
 25941 | Spider:4 | Reached skill level 10 in Fighting
 25957 | Spider:4 | Reached XP level 17. HP: 166/166 MP: 22/22
 26094 | Spider:4 | Noticed Donald
 26107 | Spider:4 | Killed Donald
 26192 | Spider:4 | Reached skill level 10 in Shields
 26915 | Spider:4 | Got a gossamer rune of Zot
 27095 | Shoals:1 | Entered Level 1 of the Shoals
 27550 | Shoals:1 | Identified the +7 tower shield "Cylockeush" {Harm rC-
                  | Dex+5}
 28117 | Shoals:2 | Found a shimmering altar of Xom.
 28218 | Shoals:2 | Found Musaneot's Distillery.
 28231 | Shoals:2 | Bought a potion of might for 76 gold pieces
 28231 | Shoals:2 | Bought a potion of ambrosia for 152 gold pieces
 28231 | Shoals:2 | Bought 2 potions of enlightenment for 190 gold pieces
 28231 | Shoals:2 | Bought a potion of curing for 57 gold pieces
 28231 | Shoals:2 | Bought a potion of curing for 57 gold pieces
 28858 | Shoals:3 | Noticed a kraken
 28868 | Shoals:3 | Killed a kraken
 29179 | Shoals:3 | Noticed a kraken
 29185 | Shoals:3 | Killed a kraken
 29719 | D:13     | You paid a toll of 5 potions of resistance to enter a
                  | treasure trove
 29720 | Trove    | Entered a treasure trove
 29752 | Trove    | Identified the ring "Ibuowkia" {rPois Slay+2}
 29775 | Trove    | Got Sif Muna's Lessons on Interference and Heat
 30129 | Shoals:4 | Entered Level 4 of the Shoals
 30155 | Shoals:4 | Reached XP level 18. HP: 174/174 MP: 23/23
 30156 | Shoals:4 | Noticed Nikola
 30167 | Shoals:4 | Killed Nikola
 30176 | Shoals:4 | Noticed Ilsuiw
 30211 | Shoals:4 | Killed Ilsuiw
 30227 | Shoals:4 | Got a barnacled rune of Zot
 30468 | Shoals:4 | Got the Parchment of Petrified Degeneration
 30739 | Shoals:4 | Found Mosexoo's Book Shop.
 31094 | Vaults:1 | Entered Level 1 of the Vaults
 31256 | Vaults:1 | Reached skill level 10 in Throwing
 31904 | Vaults:1 | Identified the maw talisman of Tortelloni {rC- Will+ Str+3}
 32002 | Vaults:1 | Reached skill level 10 in Invocations
 32224 | Vaults:2 | Reached XP level 19. HP: 182/182 MP: 25/25
 32372 | Vaults:2 | Found a staircase to the Crypt.
 32551 | Vaults:2 | Identified the +6 broad axe of the Special Beggars
                  | {protect, rElec rF+ Str-3 SInv}
 32945 | Vaults:2 | Reached skill level 10 in Evocations
 33648 | Vaults:3 | Reached skill level 17 in Unarmed Combat
 34331 | Vaults:4 | Noticed Jory
 34341 | Vaults:4 | Killed Jory
 35428 | Depths:1 | Entered Level 1 of the Depths
 35428 | Depths:1 | Noticed the Enchantress
 35437 | D:15     | Reached XP level 20. HP: 193/193 MP: 26/26
 35490 | D:15     | Killed the Enchantress
 35880 | Depths:1 | Found a gateway to Hell.
 36087 | Depths:1 | Found a one-way gate to the infinite horrors of the Abyss.
 36190 | Depths:1 | Found a hide-covered altar of Uskayaw.
 36327 | Depths:1 | Found a hazy altar of Hepliaklqana.
 36531 | Depths:1 | Found a one-way gate leading to the halls of Pandemonium.
 36591 | Depths:1 | HP: 7/254 [spark wasp (19)]
 36591 | Depths:1 | HP: 2/254 [spark wasp (5)]
 36598 | Depths:1 | Reached skill level 18 in Unarmed Combat
 38134 | Depths:3 | Reached skill level 15 in Shields
 38135 | Depths:3 | Reached XP level 21. HP: 206/206 MP: 27/27
 38186 | Depths:3 | Reached skill level 1 in Necromancy
 38467 | Depths:3 | Reached skill level 5 in Necromancy
 38676 | Depths:3 | Reached skill level 1 in Spellcasting
 38676 | Depths:3 | Gained mutation: Your magical capacity is low. (-10% MP) [a
                  | neqoxec]
 38685 | Depths:3 | Identified the ring of the Ancients {rF++ rN+ MP+9}
 38760 | Depths:3 | Found a one-way gateway to a ziggurat.
 38823 | Depths:3 | You fall into a shaft and drop 1 floor!
 38823 | Depths:4 | Entered Level 4 of the Depths
 39354 | Depths:4 | Reached XP level 22. HP: 214/214 MP: 25/25
 39390 | Depths:4 | Found a gate to the Realm of Zot.
 39735 | Depths:4 | Found a white marble altar of Elyvilon.
 39735 | Depths:4 | Found a glowing silver altar of Zin.
 39735 | Depths:4 | Found a glowing golden altar of the Shining One.
 40012 | Elf:1    | Entered Level 1 of the Elven Halls
 40277 | Elf:1    | Paralysed by an air elemental for 1 turns
 40779 | Elf:1    | Got Eckamazi's Catalogue of Concussion and the Commander
 40895 | Elf:2    | Found Teis's Antique Weapon Emporium.
 40955 | Elf:2    | Found a crumbling gateway.
 40976 | Desolati | Entered the Desolation of Salt
 41032 | Desolati | Identified the ring "Harobluq" {Wiz rC++ rN+}
 41251 | Desolati | Got the Book of Translocated Amathomancy
 41254 | Desolati | Identified the +1 whip of Chaos {freeze, rPois}
 41264 | Desolati | Got the Compilation of Kinetic Energy and Company
 41265 | Desolati | Identified the +1 mace of Zeblutra {elec, Dex+3}
 41378 | Desolati | Identified the staff of the Brewing Gnat {Conj Alchemy}
 41380 | Desolati | Got the Octavo of Points
 41428 | Desolati | Identified the +1 cloak "Dukh" {rPois Regen+ Int+3}
 41430 | Desolati | Identified the amulet of Ru, Winnowing {Spirit Harm
                  | ^Fragile Int+7}
 41439 | Desolati | Found the +1 cloak of Starlight {*Dazzle EV+4 Stlth--}
 41761 | Elf:2    | Paralysed by an air elemental for 1 turns
 41811 | Elf:2    | Found a runed translucent gate.
 41812 | Elf:2    | Found a runed translucent gate.
 41812 | Elf:2    | Found a runed translucent gate.
 42541 | Elf:3    | Entered Level 3 of the Elven Halls
 42541 | Elf:3    | Identified the serpent talisman "Hehuohu" {rElec rN+++
                  | Will+ Stlth-}
 42541 | Elf:3    | Noticed Aizul
 42549 | Elf:3    | Killed Aizul
 42561 | Elf:2    | Killed the ghostly Aizul
 42621 | Elf:3    | Reached skill level 19 in Unarmed Combat
 42625 | Abyss:3  | Cast into level 3 of the Abyss (a deep elf sorcerer)
 42628 | Abyss:3  | Found a corrupted altar of Lugonu.
 42633 | Abyss:3  | Found a corrupted altar of Lugonu.
 42706 | Abyss:3  | Found a corrupted altar of Lugonu.
 42768 | Abyss:3  | Learned a level 2 spell: Blink
 42836 | Abyss:3  | Gained mutation: You have large cloven feet. [a cacodemon]
 42855 | Abyss:3  | Reached XP level 23. HP: 191/227 MP: 2/26
 42880 | Abyss:3  | Reached skill level 10 in Dodging
 42882 | Elf:2    | Escaped the Abyss
 43093 | Elf:3    | Found Panod's Armour Shop.
 43141 | Elf:3    | Paralysed by an air elemental for 1 turns
 43164 | Elf:3    | Identified the +8 scale mail of Divine Intervention {rElec
                  | Regen+}
 43189 | Elf:3    | Identified the +4 dagger "Wenleall" {drain, rC- Will+++
                  | rCorr Stlth+}
 43201 | Elf:3    | Identified the +5 battleaxe "Wuidoler" {holy, Str+4}
 43364 | Elf:3    | Identified the +5 glaive "Vaavyemui" {spect, rElec}
 44358 | Vaults:5 | Entered Level 5 of the Vaults
 44888 | Vaults:5 | HP: 5/293 [titan (31)]
 44888 | Vaults:5 | Slain by a stone giant

Illustrated notes

Levels and vault maps discovered:
D:1:      amcnicky_arrival_underground_garden, layout_basic
D:2:      layout_basic, hellmonk_ecumenical_altar_crossroads,
          serial_co_window_serial, co_window_of_opportunity_a,
          co_window_of_opportunity_a, co_window_paths_a, co_window_paths_a,
          co_window_paths_a, co_window_broadway_b, co_window_of_opportunity_c,
          co_window_cross_4, co_window_unsneaky_path_a,
          co_window_unsneaky_path_c, glass_columns_a, glass_columns_a,
          glass_columns_a, glass_columns_c, glass_columns_c, minivault_26
D:3:      layout_basic, lemuel_coloured_pillars_altar
D:4:      layout_layer_cave, nicolae_overflow_crystal_walls, uniq_grinder,
          uniq_pikel, uniq_sigmund, uniq_blork_the_orc, uniq_duvessa
D:5:      layout_loops_cross, nicolae_overflow_hallway_of_the_gods,
          gup_sewer_entry_bubbles, uniq_edmund, uniq_ijyb
D:6:      layout_gridville, temple_pool_b, serial_shops,
          nicolae_shop_back_alley_shop, hangedman_abyss_or_decor_stabs,
          uniq_prince_ribbit1
D:7:      layout_loops_corners, uniq_crazy_yiuf_cottage, uniq_maggie,
          uniq_menkaure
D:8:      minmay_tri_box, layout_loops_corners, grunt_gozag_breadcrumbs,
          erik_lair_orcish_takeover, enter_bailey_5, serial_shops, shop
D:9:      layout_loops_corners
D:10:     layout_stronghold, mainiacjoe_overflow_small_starburst, orc_0_dummy,
          muffindrake_ghost_dual_entry, nicolae_shop_overcharged_wands
D:11:     layout_roguey
D:12:     minmay_spotlight, layout_irregular_city, serial_shops,
          nicolae_book_shop_shelving
D:13:     layout_long_grid, erik_vaults_2, nicolae_trove_entry_isolated
D:14:     cheibrodos_wizards_tower, layout_gridville, gauntlet_entry_generic,
          grunt_dithmenos_smoke_and_mirrors
D:15:     hellmonk_depths_entry_around_the_bend, layout_cave_pools,
          nzn_wu_jian_contemplation
Temple:   compressed_dpeg_triangle_lava_temple
Lair:1:   layout_loops_ring, serial_bayou, serial_bayou_pond_d,
          serial_bayou_pond_a, serial_bayou_lagoon_b, serial_bayou_shore_a
Lair:2:   layout_big_grid, spider_nest_entry_funnel_web,
          infiniplex_staircase_pool_2
Lair:3:   regret_index_bee_streams, layout_chaotic_city,
          elwin_shoals_entry_rocks, beast_lair_carwin_10,
          infiniplex_staircase_pool
Lair:4:   layout_small_grid, slime_entry_1, portal_ice_cave_rime,
          gammafunk_ghost_icy
Lair:5:   hangedman_lair_tendril_chambers, layout_cave_pods,
          guppyfry_lair_end_dragon
Shoals:1: layout_shoals, nicolae_shoals_mertower
Shoals:2: layout_shoals, serial_shops, nicolae_diamond_shop,
          nicolae_shoals_lost_giant_pillars, lemuel_oklob_altar
Shoals:3: layout_shoals
Shoals:4: shoals_end_simple, layout_shoals, shoals_ilsuiw_alternative,
          serial_shops, nicolae_shop_temple_entry_statues_fountains, uniq_nikola
Spider:1: layout_spider_delve
Spider:2: layout_cave_pods
Spider:3: layout_cave_pods, hangedman_stitches_earthworm
Spider:4: spider_rune_water, hellmonk_narrow_tunnel, uniq_donald
Orc:1:    lemuel_ogre_cave, layout_caves, basic_altar, uniq_nergalle, uniq_erica
Orc:2:    st_orc_mages, layout_diamond_mine, serial_shops,
          nicolae_shop_mannequins, basic_altar, bh_open_orc_temple
Elf:1:    eino_elf_arrival_shootout, layout_gridlike, minmay_elf_sorcery
Elf:2:    nicolae_elf_blades_crystal_corner, layout_geoelf_octagon,
          portal_desolation_entry_nicolae_menacing_earthworks, serial_shops,
          shop
Elf:3:    minmay_elf_hall_furrowed, layout_gridlike, serial_shops, shop,
          elf_orc_summit_meeting, uniq_aizul
Vaults:1: cheibrodos_statue_roulette, nicolae_vaults_sesquioval_fish,
          ontoclasm_vaults_twist, hangedman_vaults_maws, vaults_mumra_lcd,
          nicolae_vaults_little_squares_2, nicolae_vaults_apartment_1,
          grunt_vaults_twisty, nicolae_vaults_closet_pinwheel_2,
          nicolae_vaults_heart-shaped_vault, vaults_standard_mumra_lines,
          vaults_dpeg_emergency_exit, layout_vaults_ring
Vaults:2: minmay_crypt_entry_vampire_xt, v_misc_19, nicolae_vaults_trapezoid_4,
          nicolae_vaults_security_offices_3, nicolae_vaults_mini_display_case,
          vaults_room_fours, vaults_room_boxed, v_misc_9,
          nicolae_vaults_weapon_check, nicolae_vaults_double_plus_1,
          vaults_dpeg_ring, ontoclasm_vaults_loading_screen, vaults_room_pool,
          layout_vaults_chaotic_city
Vaults:3: nicolae_vaults_storage_closets_3, v_rooms_4, hangedman_vaults_stream,
          v_alt_pattern_3, nicolae_vaults_swerve, nicolae_vaults_tetromino_T_1,
          grunt_vaults_hallway_short, hangedman_vaults_slice, v_alt_pattern_3,
          ontoclasm_vaults_loading_screen, vaults_room_pool,
          vaults_room_door_ring, nicolae_vaults_double_plus_1,
          layout_vaults_omnibox
Vaults:4: vaults_mumra_hex, hangedman_vaults_restitches,
          nicolae_vaults_surprise_closet, nicolae_vaults_offset_grid_hallway_3,
          nicolae_vaults_diamond_2, layout_vaults_omnigrid, uniq_jory
Vaults:5
Depths:1: layout_basic, nicolae_abyss_entry_one_way_or_another,
          grunt_pan_entry_in_and_out, hell_entry, nicolae_uskayaw_dance_hall,
          minivault_16, minmay_hedge_maze, nzn_hepliaklqana_mist_gate,
          uniq_enchantress
Depths:2: minmay_three_patterns, layout_cave_pools, grunt_pan_entry_spiral,
          serial_bayou, serial_bayou_pond_a, serial_bayou_pond_d,
          serial_bayou_crossing, serial_bayou_pond_e, hell_entry
Depths:3: hellmonk_hyper_hexagons [hex_subvault_angles,
          hex_subvault_four_corners, hex_subvault_narrow, hex_subvault_empty,
          hex_subvault_fishy, hex_subvault_roundabout], abyss_entry, hell_entry,
          pan_entry
Depths:4: grunt_zot_entry_hairpin, layout_basic, hell_entry, abyss_entry,
          good_gods_mini_temple

Skill      XL: |  1  2  3  4  5  6  7  8  9 10 11 12 13 14 15 16 17 18 19 20 21 22 23 |
---------------+----------------------------------------------------------------------+-----
Unarmed Combat | 3 4 5 6 8 9 11 13 14 16 17 18 19 | 19.3
Fighting       | 3 4 5 6 8 10 12 13 | 13.0
Stealth        | 1 2 |  2.0
Evocations     | 3 5 6 8 10 | 10.0
Throwing       | 1 4 6 7 8 11 12 | 12.0
Shields        | 5 6 7 9 12 15 | 15.0
Dodging        | 3 4 5 6 8 9 12 | 12.0
Invocations    | 1 5 8 10 13 | 13.0
Armour         | 4 |  4.4
Shapeshifting  | 6 9 13 15 16 18 | 18.3
Necromancy     | 6 7 |  7.0
Spellcasting   | 3 4 |  4.0

Action                     |  1- 3 |  4- 6 |  7- 9 | 10-12 | 13-15 | 16-18 | 19-21 | 22-24 || total
---------------------------+-------+-------+-------+-------+-------+-------+-------+-------++-------
  Melee: Unarmed           |    89 |   124 |   309 |   656 |  1113 |   827 |   993 |   705 ||  4816
         Kick              |       |       |       |       |       |       |       |    98 ||    98
  Throw: Boomerang         |       |       |    20 |    59 |     3 |     1 |       |       ||    83
         Dart              |       |       |     3 |       |       |       |       |       ||     3
         Javelin           |       |       |       |       |     1 |     5 |     2 |     3 ||    11
         Large rock        |       |       |       |       |       |    38 |    21 |     8 ||    67
   Cast: Fugue of the Fall |       |       |       |       |       |       |       |     9 ||     9
 Invoke: Upheaval          |       |       |       |     5 |    10 |     9 |     5 |    10 ||    39
         Elemental Force   |       |       |       |       |     3 |     2 |       |     2 ||     7
         Disaster Area     |       |       |       |       |     1 |     1 |     6 |     8 ||    16
  Evoke: Wand              |       |       |    10 |    10 |    18 |     9 |       |       ||    47
         Phial of floods   |       |       |       |       |     1 |       |     1 |     1 ||     3
         Tin of tremorston |       |       |       |       |       |       |     4 |       ||     4
         Lightning rod     |       |       |       |       |       |       |       |     3 ||     3
    Use: Scroll            |       |     1 |     6 |     1 |    25 |     5 |     3 |     6 ||    47
         Potion            |       |       |     1 |       |     3 |     5 |     5 |    12 ||    26
   Stab: Sleeping          |       |     1 |     3 |       |       |       |       |       ||     4
         Invisible         |       |       |       |     1 |     1 |       |       |     1 ||     3
         Paralysed         |       |       |       |       |     5 |     2 |       |       ||     7
         Held in net/web   |       |       |       |       |       |     2 |       |       ||     2
 Armour: Robe              |    40 |    53 |   120 |       |       |       |       |       ||   213
         Skin              |       |       |    25 |       |    38 |   833 |   951 |   683 ||  2530
         Acid dragon scale |       |       |    25 |   286 |   290 |       |       |       ||   601
  Dodge: Dodged            |    20 |    29 |    91 |   285 |   278 |   377 |   439 |   422 ||  1941
         Repelled          |       |       |       |     1 |     5 |    10 |     9 |    17 ||    42
  Block: Kite shield       |    31 |    78 |   236 |   801 |  1129 |  1986 |  1967 |  1496 ||  7724
         Reflection        |       |       |     3 |    11 |    54 |   103 |    95 |   135 ||   401
   Form: Statue            |       |       |       |       |     2 |     1 |     1 |       ||     4
                           |       |       |       |       |     1 |     1 |     1 |       ||     3

Table legend: (Time is in decaauts)
 A = Elapsed time spent in this place.
 B = Non-inter-level travel time spent in this place.
 C = Inter-level travel time spent in this place.
 D = Time resting spent in this place.
 E = Time spent auto-exploring this place.
 F = Levels seen in this place.
 G = Mean time per level.
                   A        B        C        D        E       F      G
               +--------+--------+--------+--------+--------+-----+--------+
         Total |  55087 |  50544 |   4543 |   3230 |  35534 |  50 | 1101.7 |
       Dungeon |  15461 |  13313 |   2148 |    473 |  10154 |  15 | 1030.7 |
        Temple |     36 |     36 |      0 |      0 |      0 |   1 |   36.0 |
          Lair |   6100 |   5423 |    677 |    506 |   3713 |   5 | 1220.0 |
        Shoals |   4531 |   4128 |    403 |    300 |   2961 |   4 | 1132.8 |
   Spider Nest |   5852 |   5562 |    290 |    542 |   3838 |   4 | 1463.0 |
  Orcish Mines |   1671 |   1566 |    105 |     36 |   1113 |   2 |  835.5 |
   Elven Halls |   4722 |   4479 |    243 |    279 |   3186 |   3 | 1574.0 |
        Vaults |   7055 |   6582 |    473 |    592 |   4789 |   5 | 1411.0 |
        Depths |   5804 |   5604 |    200 |    430 |   3754 |   4 | 1451.0 |
         Abyss |    341 |    341 |      0 |      0 |     94 |   1 |  341.0 |
         Trove |     98 |     98 |      0 |      0 |     59 |   1 |   98.0 |
         Sewer |    714 |    714 |      0 |      0 |    303 |   1 |  714.0 |
        Bailey |    272 |    272 |      0 |     27 |    118 |   1 |  272.0 |
      Ice Cave |    918 |    918 |      0 |      0 |    576 |   1 |  918.0 |
    Desolation |    827 |    827 |      0 |     43 |    522 |   1 |  827.0 |
      Gauntlet |    677 |    677 |      0 |      0 |    351 |   1 |  677.0 |
               +--------+--------+--------+--------+--------+-----+--------+

Top non-repeatable levels by time:
Vaults:4: 2060 daAuts
   Elf:2: 1798 daAuts
Vaults:2: 1781 daAuts
Depths:2: 1749 daAuts
Spider:3: 1743 daAuts
Spider:4: 1714 daAuts
Vaults:3: 1665 daAuts
   Elf:3: 1583 daAuts
Spider:2: 1521 daAuts
    D:10: 1518 daAuts
Depths:1: 1489 daAuts
  Lair:3: 1479 daAuts
Vaults:1: 1471 daAuts
    D:14: 1440 daAuts
Shoals:3: 1340 daAuts
